 Dungeon Crawl Stone Soup version 0.27-a0-1612-gde56a17b89 (webtiles) character file.

Game seed: 7423372380510743706

590833 Spectrina the Eclecticist (level 27, -1/218 (220) HPs)
             Began as a Djinni Necromancer on July 15, 2021.
             Was a High Priest of Ashenzari.
             Slain by a bennu (6 damage)
             ... on level 3 of the Tomb of the Ancients on July 21, 2021.
             The game lasted 10:14:49 (32548 turns).

Spectrina the Eclecticist (Djinni Necromancer)     Turns: 32548, Time: 10:14:50

HP:   -1/218 (220)  AC: 42    Str: 10 (13) XL:     27
Gold: 6659          EV:  8    Int: 32      God:    Ashenzari [*****.] SH:  0 Dex: 17

rFire    + + .     SeeInvis +   N - +8 glaive of the Guard {elec, spectral, AC+5, Self, Evo} (curse)
rCold    . . .     Faith    .   (shield currently unavailable)
rNeg     + + .     Spirit   .   F - +10 pearl dragon scales "Per Aspera Ad Scientiam" {rN+, Fort, Melee} (curse)
rPois    ∞         Reflect  .   T - +2 helmet of Supernal Knowledge {Int+3, Evo, Self} (curse)
rElec    .         Harm     .   k - +2 cloak "Discomfort of Ashenzari" {Stlth+, Self, Cun} (curse)
rCorr    .         Rampage  .   u - +0 pair of gloves "Omen of Ashenzari" {Cun, Evo} (curse)
Will     ++++.     Clarity  +   (boots unavailable)
Stlth    ++++++....             d - amulet "Shackled Together" {Regen+, Evo, Self} (curse)
HPRegen  1.46/turn              p - ring of the Mage {Wiz Will++ Int+3, Cun, Self} (curse)
MPRegen  0.00/turn              o - ring of Gonnol {rC+ rN+ Str+3}

@: mighty, calling dragons, flying, held, slowed, studying 2 skills, lightly
drained, very slow
A: sickness immunity, fire resistance 2, cold vulnerability 1, float, innate
caster, hp casting, extra vitality 1, clever 1
}: 4/15 runes: decaying, slimy, silver, gossamer
a: Renounce Religion, Curse Item, Shatter the Chains


You were on level 3 of the Tomb of the Ancients.
You worshipped Ashenzari.
Ashenzari was extremely pleased with you.
You visited 11 branches of the dungeon, and saw 52 of its levels.
You also visited: Sewer and Ice Cave.

You collected 9093 gold pieces.
You spent 2434 gold pieces at shops.

Inventory:

Hand Weapons
 N - the cursed +8 glaive of the Guard (weapon) {elec, spectral, AC+5, Self, Evo}
   (You bought it in a shop on level 2 of the Orcish Mines)

   It occasionally discharges a powerful burst of electricity upon striking a
   foe.
   When it strikes, its spirit leaps out and fights alongside the wielder.
   AC:        It affects your AC (+5).
   It has a curse which improves the following skills: Introspection: Fighting
   and Spellcasting.
   Evocations: Evocations.
Missiles
 l - 24 atropa-tipped darts (quivered)
 q - 18 silver javelins
 r - 14 javelins
 A - 2 throwing nets
 G - 3 curare-tipped darts
 Q - 8 datura-tipped darts
Armour
 k - the cursed +2 cloak "Discomfort of Ashenzari" (worn) {Stlth+, Self, Cun}
   (You took it off Nikola on level 2 of the Spider Nest)

   It has a curse which improves the following skills: Introspection: Fighting
   and Spellcasting.
   Cunning:   Dodging and Stealth.
 u - the cursed +0 pair of gloves "Omen of Ashenzari" (worn) {Cun, Evo}
   (You found it on level 3 of the Dungeon)

   It has a curse which improves the following skills: Cunning: Dodging and
   Stealth.
   Evocations: Evocations.
 F - the cursed +10 pearl dragon scales "Per Aspera Ad Scientiam" (worn) {rN+, Fort, Melee}
   (You found it on level 10 of the Dungeon)

   rN:        It protects you from negative energy.
   It has a curse which improves the following skills: Fortitude: Armour and
   Shields.
   Melee Combat: Short Blades, Long Blades, Axes, Maces & Flails, Polearms,
   Staves and Unarmed Combat.
 T - the cursed +2 helmet of Supernal Knowledge (worn) {Int+3, Evo, Self}
   (You found it on level 10 of the Dungeon)

   It has a curse which improves the following skills: Evocations: Evocations.
   Introspection: Fighting and Spellcasting.
Jewellery
 d - the cursed amulet "Shackled Together" (around neck) {Regen+, Evo, Self}
   (You found it on level 1 of the Dungeon)

   [amulet of regeneration]

   Regen:     It increases your rate of health regeneration.
   It has a curse which improves the following skills: Evocations: Evocations.
   Introspection: Fighting and Spellcasting.
 e - the ring of the Tortoise {AC+8}
   (You found it on level 3 of the Elven Halls)

   [ring of protection]

   AC:        It affects your AC (+8).
 o - the ring of Gonnol (right hand) {rC+ rN+ Str+3}
   (You found it on level 3 of the Crypt)

   [ring of positive energy]

   Str:       It affects your strength (+3).
   rC:        It protects you from cold.
   rN:        It protects you from negative energy.
 p - the cursed ring of the Mage (left hand) {Wiz Will++ Int+3, Cun, Self}
   (You found it on level 6 of the Lair of Beasts)

   [ring of wizardry]

   It improves your spell success rate.
   Int:       It affects your intelligence (+3).
   Will:      It greatly increases your willpower.
   It has a curse which improves the following skills: Cunning: Dodging and
   Stealth.
   Introspection: Fighting and Spellcasting.
 V - the ring of the Final Decision {Contam rF++ Int+6 Dex+4}
   (You found it on level 5 of the Pits of Slime)

   [ring of intelligence]

   Int:       It affects your intelligence (+6).
   Dex:       It affects your dexterity (+4).
   rF:        It greatly protects you from fire.
   Contam:    It causes magical contamination when unequipped.
 Z - the macabre finger necklace {rN+}
   (You found it on level 5 of the Pits of Slime)

   [amulet of nothing]

   It enables you to equip an extra ring.
   rN:        It protects you from negative energy.
Wands
 b - a wand of flame (60)
 m - a wand of paralysis (62)
 x - a wand of charming (16)
 z - a wand of polymorph (33)
 D - a wand of iceblast (65)
 H - a wand of digging (35)
 M - a wand of acid (48)
 S - a wand of mindburst (29)
Scrolls
 a - 9 scrolls of fog
 f - 6 scrolls of magic mapping
 i - 4 scrolls of torment
 n - 16 scrolls of teleportation
 s - 5 scrolls of blinking
 t - 5 scrolls of vulnerability
 y - 2 scrolls of holy word
 J - 6 scrolls of fear
 P - 15 scrolls of immolation
Potions
 c - 6 potions of attraction
 h - 4 potions of brilliance
 j - 5 potions of lignification
 w - 5 potions of resistance
 B - 6 potions of haste
 C - 5 potions of ambrosia
 E - 19 potions of curing
 K - 3 potions of cancellation
 O - 3 potions of heal wounds
 R - 5 potions of mutation
 U - 7 potions of might
 W - 5 potions of berserk rage
 X - a potion of invisibility
Miscellaneous
 g - a tin of tremorstones (2/2)
 v - a phial of floods
 I - a box of beasts (inert)
 L - a condenser vane (inert)
 Y - a phantom mirror


   Skills:
 + Level 18.2(24.4) Fighting
 + Level 16.1(18.3) Polearms
 - Level 7.0 Throwing
 - Level 15.6(17.8) Armour
 + Level 14.8(19.4) Dodging
 + Level 13.1(17.9) Stealth
 - Level 20.5(26.5) Spellcasting
 + Level 12.8(18.6) Evocations


You couldn't memorise any spells.
You knew the following spells:

 Your Spells              Type           Power      Damage    Failure   Level
a - Orb of Destruction    Conj           59%        9d17      1%          7
c - Summon Small Mammal   Summ           100%       N/A       0%          1
d - Yara's Violent Unrav  Hex/Tmut       59%        3d22      0%          5
e - Hailstorm             Conj/Ice       100%       3d20      0%          4
g - Gell's Gravitas       Tloc           59%        N/A       0%          3
i - Dragon's Call         Summ           59%        N/A       1%          9
j - Irradiate             Conj/Tmut      59%        3d33      0%          5
l - Vampiric Draining     Necr           59%        2d14      0%          3
m - Animate Skeleton      Necr           100%       N/A       0%          1
n - Animate Dead          Necr           59%        N/A       0%          4
p - Summon Hydra          Summ           59%        N/A       1%          7
q - Shatter               Erth           59%        3d44*     1%          9
r - Ozocubu's Refrigerat  Ice            59%        4d16      1%          7
y - Dispersal             Tloc           59%        N/A       0%          6
K - Agony                 Necr           100%       N/A       0%          5
L - Corpse Rot            Necr/Air       N/A        N/A       0%          2
M - Dragon Form           Tmut           59%        N/A       1%          7
P - Pain                  Necr           100%       1d9       0%          1
Your spell library was empty.

Dungeon Overview and Level Annotations

Branches:
Dungeon (15/15)            Temple (0/1) D:5            Lair (6/6) D:9
  Swamp (4/4) Lair:4       Spider (4/4) Lair:3        Slime (5/5) Lair:6
    Orc (2/2) D:9             Elf (3/3) Orc:2        Vaults (5/5) D:13
  Crypt (3/3) Vaults:3       Tomb (3/3) Crypt:3      Depths (2/5) D:15
  Sewer (visited)           IceCv (visited)

Altars:
Ashenzari
Cheibriados
Fedhas
Gozag
Hepliaklqana
Kikubaaqudgha
Makhleb
Nemelex Xobeh
Sif Muna
Trog
Uskayaw
Vehumet
Wu Jian
Xom
The Shining One
Beogh
Jiyva

Shops:
D:5 (   Orc:2 ?[=(!   Elf:1 :   Vaults:1 [?   Vaults:2 (   Vaults:4 (

Portals:
Hell: Depths:2
Abyss: Depths:2
Ziggurat: Depths:2

Annotations:
D:7 Maggie
D:12 1 runed translucent door


Innate Abilities, Weirdness & Mutations

You are immune to sickness and miasma.
You are immune to poison.
Your flesh is very heat resistant. (rF++)
You are vulnerable to cold. (rC-)
You float through the air rather than walking.
You learn spells naturally, not from books.
Your magical power is your life essence.
You have superior vitality. (+4 HP)
Your mind is acute. (Int +2)


Message History

The bolt of dispelling energy hits the guardian mummy!!
The bolt of dispelling energy hits the mummy priest!!
The mummy priest's magical effects unravel!
The bolt of dispelling energy hits the ushabti!
The guardian mummy hits your quicksilver dragon but does no damage.
The bennu pecks you.
* * * LOW HITPOINT WARNING * * *
The bennu claws you but does no damage. x2
The death scarab bites your iron dragon.
The ushabti shakes and rattles deafeningly!
The guardian mummy hits your iron dragon!!
A skeletal warrior comes into view. It is wielding a +0 war axe.
Unknown command.
Unknown command.
Unknown command.
Unknown command.
You feel much better.
* * * LOW HITPOINT WARNING * * *
The death scarab bites your iron dragon!
Your iron dragon dies!
Your iron dragon's corpse disappears in a puff of smoke!
Your quicksilver dragon bites the guardian mummy!
Your quicksilver dragon barely misses the guardian mummy.
The bennu pecks you but does no damage.
The bennu claws you but does no damage. x2
The flying skull hits your quicksilver dragon.
The bennu pecks you but does no damage. The bennu claws you but does no damage.
The bennu claws you!
* * * LOW HITPOINT WARNING * * *
A flying skull comes into view.
A royal mummy comes into view.
The skeletal warrior hits your quicksilver dragon but does no damage.
The skeletal warrior barely misses your quicksilver dragon.
Your quicksilver dragon misses the flying skull.
Your quicksilver dragon closely misses the flying skull.
The bennu pecks you.
* * * LOW HITPOINT WARNING * * *
The bennu claws you!
* * * LOW HITPOINT WARNING * * *
The bennu claws you.
You die... ,,*#:.....# ^ ,, , ,, , #M888Mz# , ^,,,,, , , ,, , , #8^M8.8# , ^ , ,, +B..MMMz

,{,,,, , ,, ,
,,, #.MM.Mz#{
{,, , ,,, * ,
^{#..M.MD#M{ ,
, , ,, , , {
#..BzzM## ,,,
,, * ,,
^,{*#....Db##,,
, ,, ,,
*#...b@.##* ,,
,, #^.....##**
, , ***
######### ****
** ########
▓▓▓▓▓▓▓


You could see a royal mummy, 2 bennus, 2 mummy priests, 3 skeletal warriors, 9
guardian mummies, 6 ushabtiu, 2 death scarabs, 2 flying skulls, a mummy and 2
friendly quicksilver dragons.

Vanquished Creatures
  the Royal Jelly (Slime:5)
  A dread lich (Crypt:3)
  An ancient lich (Crypt:3)
  11 royal mummies (Tomb:1)
  Boris (Crypt:2)
  Saint Roka (Vaults:4)
  2 caustic shrikes (Depths:2)
  Nikola (Spider:2)
  The ghost of Xoxob the Sorcerer, a veteran SpVM of Ashenzari (Depths:1)
  A tentacled monstrosity (Swamp:3)
  Jorgrun (Spider:2)
  2 deep elf blademasters
  4 liches
  Asterion (Elf:3)
  A titan (Vaults:5)
  2 deep elf master archers (Elf:3)
  2 quicksilver dragons
  14 acid blobs
  Agnes (Elf:1)
  5 sphinxes
  4 tengu reavers (Vaults:5)
  Kirke (Spider:4)
  3 shadow dragons (Vaults:5)
  2 storm dragons (Vaults:5)
  A revenant (Tomb:1)
  8 azure jellies
  6 rockslimes
  An iron dragon (Vaults:5)
  3 orc warlords
  An azure jelly (shapeshifter) (Elf:3)
  5 fire giants
  6 frost giants
  10 deep elf sorcerers
  19 vault wardens
  Aizul (Elf:1)
  A spectral juggernaut (Depths:1)
  2 curse skulls
  2 ghost moths (Spider:4)
  5 emperor scorpions
  7 war gargoyles
  A ghoul (Swamp:1)
  5 deep elf elementalists (Elf:3)
  2 quicksilver oozes
  22 ironbound preservers
  A spriggan defender (Depths:2)
  19 stone giants
  20 very ugly things
  3 deep elf demonologists (Elf:3)
  8 vampire knights
  5 deep elf annihilators (Elf:3)
  2 bennus (Tomb:2)
  3 spark wasps
  3 bunyips
  2 dire elephants
  Azrael (Spider:2)
  3 entropy weavers
  A green death (Swamp:4)
  5 deep elf death magi
  3 eidola
  13 mummy priests
  8 ettins
  2 eleionomae
  3 fire dragons (Depths:2)
  2 crystal guardians (Vaults:3)
  9 deep elf high priests
  2 shambling mangroves (Swamp:3)
  5 jiangshi
  12 great orbs of eyes
  15 yaktaur captains
  4 peacekeepers
  A rakshasa (Depths:2)
  7 boulder beetles
  3 ice dragons
  The ghost of robertstho the Thaumaturge, a journeyman DjFE of Gozag (D:10)
  15 hydras
  4 ironbound thunderhulks
  A juggernaut simulacrum (Depths:1)
  3 spriggan air magi
  2 ghost crabs
  33 vault guards
  2 catoblepae
  9 centaur warriors
  11 two-headed ogres
  8 ironbound frosthearts
  An ogre mage (D:10)
  5 death knights
  29 dancing weapons
  9 alligators
  A tengu warrior (Depths:2)
  7 deep troll earth magi
  A deep troll shaman (Depths:2)
  4 spriggan berserkers
  5 vampire magi
  23 death scarabs
  7 orc high priests
  Urug (Lair:1)
  3 death yaks (Lair:6)
  6 ironbound beastmasters
  3 soul eaters
  A thrashing horror (Swamp:4)
  14 deep elf knights
  3 shadow wraiths
  A fire crab (shapeshifter) (D:9)
  A spark wasp zombie (Crypt:2)
  A spectral emperor scorpion (Spider:4)
  A golden dragon zombie (Crypt:3)
  3 goliath frogs
  26 skeletal warriors
  3 spriggan druids
  6 glowing orange brains
  10 lindwurms
  18 orc knights
  15 bog bodies
  10 deep elf archers
  9 flayed ghosts
  41 deep trolls
  A shadow dragon zombie (Vaults:1)
  8 swamp dragons
  A wolf spider zombie (Spider:4)
  22 deep elf pyromancers
  13 phantasmal warriors
  7 wizards
  11 ironbound convokers
  27 deep elf zephyrmancers
  6 shining eyes
  16 orb spiders
  23 ugly things
  2 necromancers
  A spectral wolf spider (Spider:4)
  An iron dragon zombie (Crypt:3)
  14 wolf spiders
  An orc sorcerer (Vaults:4)
  6 cyclopes
  4 oklob plants (Lair:3)
  A fire giant zombie (Crypt:3)
  4 will-o-the-wisps
  A tengu skeleton (Vaults:1)
  An iron dragon skeleton (Crypt:1)
  A moth of wrath (Spider:4)
  A manticore (D:15)
  2 human skeletons
  14 elephants
  4 black mambas
  A shadow dragon skeleton (Tomb:1)
  A torpor snail (Spider:4)
  4 fire giant skeletons (Crypt:3)
  20 vault sentinels
  A frost giant skeleton (Crypt:2)
  Maurice (D:13)
  An eye of devastation (Slime:5)
  5 gargoyles
  2 ice statues (IceCv)
  2 orange demons (Swamp:4)
  11 cane toads
  3 spriggan zombies (D:15)
  An unseen horror (D:11)
  5 rime drakes
  An entropy weaver simulacrum (IceCv)
  2 anaconda simulacra (IceCv)
  A redback zombie (Spider:4)
  18 yaktaurs
  16 freezing wraiths
  2 tengu conjurers
  13 guardian mummies
  18 demonic crawlers
  A purple draconian skeleton (Crypt:2)
  A red draconian skeleton (Crypt:1)
  A kobold demonologist (D:11)
  4 ice devils (IceCv)
  2 komodo dragons
  12 tyrant leeches
  21 hornets
  2 bloated husks
  35 jumping spiders
  3 spectral tarantellas (Spider:4)
  3 jumping spider zombies (Spider:4)
  19 blink frogs
  6 trolls
  2 tarantella zombies (Spider:4)
  A tengu simulacrum (Depths:1)
  A hydra skeleton (Crypt:3)
  A hornet (shapeshifter) (D:15)
  61 slime creatures
  2 polar bears
  An ice dragon zombie (D:15)
  6 spectral jumping spiders (Spider:4)
  An iron dragon simulacrum (Depths:1)
  12 flying skulls
  5 dream sheep (Lair:6)
  A meliai zombie (Crypt:1)
  60 redbacks
  17 tarantellas
  3 air elementals
  2 vampires (Crypt:3)
  11 wraiths
  26 spriggans
  10 wyverns
  8 shadows
  4 fire dragon skeletons (Crypt:3)
  5 water elementals
  5 dire elephant simulacra (IceCv)
  4 ushabtiu
  34 yaks
  11 basilisks
  2 golden eyes (Slime:4)
  3 hogs (Spider:4)
  A steam dragon (D:8)
  6 fire elementals
  A warg (shapeshifter) (Vaults:5)
  4 wargs
  14 swamp worms
  2 acid dragons
  11 vampire mosquitoes
  8 water moccasins
  2 harpy simulacra (IceCv)
  A merfolk skeleton (Crypt:2)
  2 spectral hornets (Spider:4)
  5 hell hounds
  A water nymph skeleton (Crypt:1)
  2 ice beasts
  30 orc warriors
  A swamp drake (Swamp:1)
  6 black bears
  4 necrophages
  8 ogres
  5 boggarts
  30 wolves
  11 centaurs
  An orc skeleton (Vaults:1)
  2 phantoms
  An elf simulacrum (Depths:1)
  An elephant skeleton (Crypt:1)
  7 kobold brigands
  2 gnoll sergeants
  A glowing shapeshifter simulacrum (Depths:1)
  9 bullfrogs
  A scorpion (D:5)
  A small abomination (Swamp:4)
  21 killer bees
  An elephant simulacrum (IceCv)
  12 wights
  4 electric eels
  3 howler monkeys
  5 centaur zombies
  5 hounds
  3 centaur skeletons
  42 orc priests
  A gnoll shaman (D:4)
  Natasha (thrice) (D:3)
  16 orc wizards
  6 hell rats (D:15)
  2 spriggan simulacra
  A wolf simulacrum (IceCv)
  An ogre zombie (Tomb:2)
  A hound skeleton (Crypt:2)
  16 mummies
  9 gnolls
  3 adders
  A naga simulacrum (IceCv)
  A white imp (IceCv)
  An ufetubus (D:7)
  An iguana skeleton (Crypt:1)
  A worm (D:2)
  3 dart slugs
  81 orcs
  11 ball pythons
  8 endoplasms
  4 giant cockroaches
  7 goblins
  6 hobgoblins
  6 jackals
  7 quokkas
  7 bats
  4 frilled lizards
  A jackal zombie (Crypt:1)
  19 kobolds
  A kobold zombie (Crypt:2)
  7 rats
  A butterfly (D:5)
1939 creatures vanquished.

Vanquished Creatures (collateral kills)
  A royal mummy (Tomb:1)
  A golden dragon (Vaults:5)
  A tentacled monstrosity (Swamp:4)
  A lich (Tomb:1)
  A deep elf master archer (Elf:3)
  3 ancient champions
  3 acid blobs
  A deep elf blademaster (Elf:3)
  A titan (Vaults:5)
  A shadow dragon (Vaults:5)
  4 rockslimes (Slime:5)
  A revenant (Crypt:2)
  4 azure jellies (Slime:5)
  A fire giant (Vaults:5)
  2 deep elf sorcerers (Elf:3)
  A frost giant (Depths:2)
  A curse skull (Crypt:3)
  2 deep elf elementalists (Elf:3)
  An iron dragon (Vaults:5)
  A vault warden (Vaults:3)
  2 ironbound preservers
  An orc warlord (Vaults:4)
  A ghoul (Swamp:1)
  3 quicksilver oozes
  A stone giant (Vaults:5)
  2 very ugly things (Vaults:2)
  A deep elf demonologist (Elf:3)
  A vampire knight (Crypt:3)
  3 dire elephants
  2 bennus (Tomb:3)
  4 deep elf annihilators
  A deep elf death mage (Elf:3)
  A quicksilver dragon zombie (Crypt:3)
  A mummy priest (Tomb:1)
  2 crystal guardians
  2 jiangshi (Crypt:3)
  A great orb of eyes (Slime:1)
  5 vault guards
  An ironbound thunderhulk (Vaults:1)
  A spriggan air mage (Depths:2)
  2 hydras (Swamp:4)
  An ironbound frostheart (Vaults:1)
  A two-headed ogre (Orc:2)
  A dancing weapon (Elf:3)
  A death scarab (Spider:4)
  A vampire mage (Crypt:3)
  A thrashing horror (Swamp:4)
  4 ironbound beastmasters
  5 skeletal warriors
  2 flayed ghosts
  7 deep trolls
  A swamp dragon (Swamp:4)
  An ironbound convoker (Vaults:3)
  A wizard (Vaults:3)
  4 phantasmal warriors
  2 wolf spider zombies
  A necromancer (Vaults:1)
  A shining eye (Slime:1)
  2 ugly things
  2 oklob plants (Lair:6)
  2 fire giant zombies (Crypt:3)
  2 elephants (Lair:5)
  4 fire giant skeletons (Crypt:3)
  2 vault sentinels (Vaults:1)
  An orange demon (Swamp:4)
  A cane toad (Lair:3)
  4 yaktaurs
  3 guardian mummies (Tomb:3)
  A demonic crawler (Spider:4)
  A troll (Vaults:5)
  A polar bear (Lair:6)
  A hornet (Swamp:1)
  2 tarantella zombies (Spider:4)
  A spectral jumping spider (Spider:4)
  A blink frog (Lair:6)
  13 slime creatures
  2 flying skulls (Tomb:3)
  2 spriggans
  An ushabti (Tomb:1)
  3 vampires (Crypt:3)
  A redback (Spider:4)
  4 fire dragon skeletons (Crypt:3)
  6 golden eyes (Slime:1)
  A floating eye (Depths:2)
  A black bear (Lair:6)
  2 orc warriors
  3 wolves (Lair:6)
  A necrophage (D:5)
  A bullfrog (D:8)
  A water moccasin zombie (D:3)
  A raiju zombie (Crypt:2)
  A killer bee (D:10)
  A wight (D:8)
  An electric eel (Lair:6)
  2 centaur zombies (D:8)
  A hound (D:6)
  Crazy Yiuf (D:6)
  A jelly (D:8)
  A killer bee zombie (D:8)
  2 mummies
  A howler monkey zombie (D:8)
  3 orcs (D:3)
  A giant cockroach (Sewer)
  A jackal (D:2)
  3 frilled lizards (Sewer)
  A kobold zombie (Crypt:3)
200 creatures vanquished.

Vanquished Creatures (others)
  A spectral caustic shrike (Depths:1)
  A spectral quicksilver dragon (Depths:1)
  2 spectral tengu (Depths:1)
  A spectral storm dragon (Depths:1)
  A spectral spriggan (Depths:1)
  2 wolf spiders
  A tarantella (Spider:2)
  A basilisk (Lair:3)
  A fire elemental (Elf:2)
  2 humans (Spider:4)
  An orc warrior (D:9)
  2 orcs (D:9)
  A ball lightning (Depths:1)
  12 foxfires
  29 fungi
  75 plants
  5 toadstools (D:5)
  18 withered plants
156 creatures vanquished.

Grand Total: 2295 creatures vanquished

Notes
Turn   | Place    | Note
-------+----------+-------------------------------------------
     0 | D:1      | Spectrina the Djinni Necromancer began the quest for the
                  | Orb.
     0 | D:1      | Reached XP level 1. HP: 15/15 MP: 0/0
   114 | D:1      | Reached XP level 2. HP: 13/21 MP: 0/0
   362 | D:1      | Reached XP level 3. HP: 24/25 MP: 0/0
   362 | D:1      | Learned a level 1 spell: Summon Small Mammal
   440 | D:2      | Reached skill level 4 in Spellcasting
   483 | D:2      | You are sucked into a shaft and drop 2 floors!
   591 | D:3      | Found a glowing drain.
   600 | D:3      | Reached XP level 4. HP: 24/31 MP: 0/0
   626 | Sewer    | Entered a sewer
   682 | Sewer    | Noticed a bullfrog
   699 | Sewer    | Killed a bullfrog
   700 | Sewer    | Reached XP level 5. HP: 32/35 MP: 0/0
   700 | Sewer    | Learned a level 2 spell: Corpse Rot
   763 | D:3      | Noticed Natasha
   767 | D:3      | Killed Natasha
   769 | D:3      | Found a faded altar of an unknown god.
   777 | D:3      | Became a worshipper of Ashenzari the Shackled
   777 | D:3      | Identified a scroll of acquirement
   779 | D:3      | Acquired a +1 cloak of poison resistance
   804 | D:3      | Noticed Natasha
   809 | D:3      | Killed Natasha
   810 | D:3      | Reached XP level 6. HP: 39/40 MP: 0/0
   826 | D:3      | Reached skill level 5 in Spellcasting
   896 | D:3      | Noticed Natasha
   902 | D:3      | Killed Natasha
   906 | D:3      | Found a faded altar of an unknown god.
   906 | D:3      | Found a faded altar of an unknown god.
   908 | D:3      | Found a hazy altar of Hepliaklqana.
  1241 | D:2      | Reached * piety under Ashenzari
  1438 | D:1      | You are sucked into a shaft and drop 1 floor!
  1605 | D:4      | Reached XP level 7. HP: 39/46 MP: 0/0
  1605 | D:4      | Learned a level 3 spell: Gell's Gravitas
  1669 | D:4      | Reached skill level 1 in Fighting
  1784 | D:3      | Identified Sif Muna's Almanac of Transformation
  1831 | D:3      | Reached ** piety under Ashenzari
  1860 | D:5      | Entered Level 5 of the Dungeon
  2093 | D:5      | Found Debigus's Antique Weapon Shoppe.
  2125 | D:5      | Reached skill level 6 in Spellcasting
  2125 | D:5      | Reached XP level 8. HP: 55/56 MP: 0/0
  2249 | D:5      | Found a glowing golden altar of the Shining One.
  2302 | D:4      | Reached *** piety under Ashenzari
  2376 | D:5      | Found a staircase to the Ecumenical Temple.
  2482 | D:6      | Found a runed translucent door.
  2483 | D:6      | Noticed Crazy Yiuf
  2509 | D:6      | Killed Crazy Yiuf
  2603 | D:7      | Noticed Maggie
  2689 | D:6      | Found a snail-covered altar of Cheibriados.
  2893 | D:6      | Reached skill level 7 in Spellcasting
  2977 | D:7      | Reached skill level 5 in Stealth
  2977 | D:7      | Reached XP level 9. HP: 63/65 MP: 0/0
  2977 | D:7      | Learned a level 4 spell: Hailstorm
  2999 | D:7      | Found a bloodstained altar of Trog.
  3308 | D:7      | Reached **** piety under Ashenzari
  3506 | D:7      | Found an ornate altar of the Wu Jian Council.
  3636 | D:8      | Reached skill level 8 in Spellcasting
  3811 | D:8      | Found a blossoming altar of Fedhas.
  3927 | D:9      | Noticed a hornet
  3932 | D:9      | Killed a hornet
  3933 | D:9      | Reached XP level 10. HP: 69/75 MP: 0/0
  4050 | D:7      | Found a broken altar of Ashenzari.
  4157 | D:7      | Reached skill level 1 in Evocations
  4252 | D:8      | Noticed a two-headed ogre
  4257 | D:8      | Reached skill level 9 in Spellcasting
  4260 | D:8      | Killed a two-headed ogre
  4261 | D:8      | Reached skill level 5 in Fighting
  4600 | D:9      | Found a staircase to the Lair.
  4609 | Lair:1   | Entered Level 1 of the Lair of Beasts
  4687 | Lair:2   | Reached XP level 11. HP: 78/82 MP: 0/0
  4687 | Lair:2   | Learned a level 5 spell: Irradiate
  4740 | Lair:3   | Reached skill level 10 in Spellcasting
  4962 | Lair:1   | Noticed Urug
  4970 | Lair:1   | Killed Urug
  5042 | Lair:2   | Reached skill level 11 in Spellcasting
  5078 | Lair:2   | Noticed an eight-headed hydra
  5088 | Lair:2   | Killed an eight-headed hydra
  5252 | Lair:1   | Reached skill level 5 in Dodging
  5314 | Lair:1   | Reached XP level 12. HP: 84/89 MP: 0/0
  5351 | Lair:1   | Noticed a five-headed hydra
  5369 | Lair:1   | Killed a five-headed hydra
  5375 | Lair:1   | Reached skill level 5 in Evocations
  5898 | Lair:3   | Upgraded the game from 0.27-a0-1557-g57f10a385c to
                  | 0.27-a0-1565-gad902ab807
  6069 | Lair:3   | Reached skill level 12 in Spellcasting
  6240 | Lair:4   | Noticed a seven-headed hydra
  6255 | Lair:4   | Killed a seven-headed hydra
  6264 | Lair:4   | Reached skill level 1 in Armour
  6331 | Lair:4   | Reached XP level 13. HP: 93/97 MP: 0/0
  6331 | Lair:4   | Learned a level 5 spell: Yara's Violent Unravelling
  6415 | Lair:4   | Found a staircase to the Swamp.
  6472 | Lair:4   | Noticed a catoblepas
  6484 | Lair:4   | Killed a catoblepas
  6688 | Lair:5   | Found an opulent altar of Gozag.
  6690 | Lair:5   | Reached ***** piety under Ashenzari
  6773 | Lair:6   | Entered Level 6 of the Lair of Beasts
  6865 | Lair:6   | Identified the +6 falchion "Titas" {flame, rF+ rN+ Int-5
                  | SInv}
  6872 | Lair:6   | Noticed a boulder beetle
  6893 | Lair:6   | Killed a boulder beetle
  6927 | Lair:6   | Found a staircase to the Slime Pits.
  7002 | Lair:6   | Reached skill level 13 in Spellcasting
  7031 | Lair:6   | Reached XP level 14. HP: 82/105 MP: 0/0
  7057 | Lair:6   | Found the ring of the Mage {Wiz Will++ Int+3}
  7106 | Lair:6   | Reached skill level 5 in Armour
  7241 | Lair:6   | Upgraded the game from 0.27-a0-1565-gad902ab807 to
                  | 0.27-a0-1579-g97d2440184
  8087 | D:10     | Entered Level 10 of the Dungeon
  8158 | D:11     | Found a frozen archway.
  8170 | IceCv    | Entered an ice cave
  8590 | IceCv    | Reached skill level 14 in Spellcasting
  8771 | D:11     | Reached XP level 15. HP: 102/111 MP: 0/0
  8771 | D:11     | Learned a level 6 spell: Dispersal
  8836 | D:12     | Found a runed translucent door.
  8837 | D:12     | Noticed a fire giant
  8837 | D:12     | Noticed a frost giant
  8842 | D:12     | Identified the +9 arbalest of Zinush {freeze, Drain Dex+7}
  9306 | D:10     | Found a runed translucent gate.
  9307 | D:10     | Found a runed translucent gate.
  9308 | D:10     | Found a runed translucent gate.
  9310 | D:10     | Noticed robertstho's ghost (journeyman DjFE)
  9326 | D:10     | Killed robertstho's ghost
  9718 | D:8      | Found an opulent altar of Gozag.
  9727 | D:8      | Found a burning altar of Makhleb.
  9752 | D:8      | Found a hide-covered altar of Uskayaw.
  9813 | D:9      | Found a staircase to the Orcish Mines.
  9957 | D:11     | Reached skill level 15 in Spellcasting
 10519 | Orc:1    | Entered Level 1 of the Orcish Mines
 10637 | Orc:2    | Entered Level 2 of the Orcish Mines
 10890 | Orc:2    | Found Riott's Jewellery Shoppe.
 10982 | Orc:2    | Found Myel Zya's Antique Armour Boutique.
 11000 | Orc:2    | Found Nioptubbo's Magic Scroll Shoppe.
 11079 | Orc:2    | Found Zygyint's Distillery.
 11079 | Orc:2    | Found Rucwirud's Weapon Shoppe.
 11101 | Orc:2    | Bought the +8 glaive of the Guard {elec, spectral, AC+5}
                  | for 1347 gold pieces
 11101 | Orc:2    | Found the +8 glaive of the Guard {elec, spectral, AC+5}
 11104 | Orc:2    | Bought 3 datura-tipped darts for 19 gold pieces
 11104 | Orc:2    | Bought a throwing net for 48 gold pieces
 11117 | Orc:2    | Bought a potion of invisibility for 128 gold pieces
 11117 | Orc:2    | Bought 2 potions of mutation for 256 gold pieces
 11117 | Orc:2    | Bought a potion of might for 64 gold pieces
 11204 | Orc:2    | Found a staircase to the Elven Halls.
 11239 | Orc:2    | Bought a scroll of fog for 24 gold pieces
 11239 | Orc:2    | Bought a scroll of magic mapping for 42 gold pieces
 11239 | Orc:2    | Bought a scroll of immolation for 42 gold pieces
 11239 | Orc:2    | Bought a scroll of fear for 42 gold pieces
 11239 | Orc:2    | Bought a scroll of enchant armour for 90 gold pieces
 11239 | Orc:2    | Bought 3 scrolls of immolation for 126 gold pieces
 11239 | Orc:2    | Bought a scroll of teleportation for 36 gold pieces
 11532 | Lair:3   | Found a hole to the Spider Nest.
 11553 | Lair:3   | Upgraded the game from 0.27-a0-1579-g97d2440184 to
                  | 0.27-a0-1590-g15f69828bf
 11574 | Spider:1 | Entered Level 1 of the Spider Nest
 11629 | Spider:1 | Identified the +0 leather armour of Lucidity {Rampage rN+++
                  | rCorr Int-2}
 11725 | Spider:2 | Reached XP level 16. HP: 106/120 MP: 0/0
 11913 | Spider:1 | Reached skill level 10 in Fighting
 11963 | Spider:2 | Noticed Jorgrun
 11973 | Spider:2 | Killed Jorgrun
 12005 | Spider:2 | Noticed Nikola
 12166 | Spider:4 | Entered Level 4 of the Spider Nest
 12290 | Spider:4 | Noticed Kirke
 12304 | Spider:4 | Killed Kirke
 12405 | Spider:3 | Reached skill level 16 in Spellcasting
 12661 | Spider:4 | Reached XP level 17. HP: 129/131 MP: 0/0
 12661 | Spider:4 | Learned a level 7 spell: Dragon Form
 12744 | Spider:4 | Reached skill level 10 in Dodging
 12849 | Spider:4 | Got a gossamer rune of Zot
 13255 | Spider:2 | Noticed Azrael
 13279 | Spider:2 | Killed Azrael
 13324 | Spider:2 | Killed Nikola
 13773 | Swamp:1  | Entered Level 1 of the Swamp
 14063 | Swamp:2  | Reached XP level 18. HP: 122/143 MP: 0/0
 14555 | Swamp:3  | Reached skill level 17 in Spellcasting
 14595 | Swamp:3  | Noticed a tentacled monstrosity
 14609 | Swamp:3  | Killed a tentacled monstrosity
 14616 | Swamp:3  | Found a shimmering altar of Xom.
 14674 | Swamp:4  | Entered Level 4 of the Swamp
 14834 | Swamp:3  | Reached skill level 10 in Armour
 14839 | Swamp:3  | Reached skill level 10 in Stealth
 15263 | Swamp:4  | Reached XP level 19. HP: 141/154 MP: 0/0
 15263 | Swamp:4  | Learned a level 7 spell: Summon Hydra
 15319 | Swamp:4  | Noticed a tentacled monstrosity
 15440 | Swamp:4  | Killed a tentacled monstrosity
 15469 | Swamp:4  | Got a decaying rune of Zot
 15928 | D:13     | Found a gate to the Vaults.
 15974 | D:13     | Found a sparkling altar of Nemelex Xobeh.
 16051 | Vaults:1 | Entered Level 1 of the Vaults
 16053 | Vaults:1 | Reached skill level 1 in Polearms
 16085 | Vaults:2 | Found Tojoll's Weapon Emporium.
 16447 | Vaults:2 | Identified the +0 robe of Moral Flaws {Fly rF- Will-
                  | Stlth+}
 16585 | Vaults:2 | Reached skill level 18 in Spellcasting
 16634 | Vaults:2 | Reached XP level 20. HP: 131/162 MP: 0/0
 16650 | Vaults:2 | Reached skill level 5 in Polearms
 16876 | Vaults:1 | Found Plog's Magic Scroll Emporium.
 16889 | Vaults:1 | Bought a scroll of immolation for 66 gold pieces
 16889 | Vaults:1 | Bought a scroll of fog for 38 gold pieces
 16889 | Vaults:1 | Bought a scroll of fear for 66 gold pieces
 17337 | Vaults:1 | Found Ruqadoat's Armour Shoppe.
 18036 | Vaults:4 | Reached XP level 21. HP: 121/168 MP: 0/0
 18036 | Vaults:4 | Learned a level 7 spell: Orb of Destruction
 18056 | Vaults:4 | Found Buraf's Weapon Emporium.
 18237 | Vaults:4 | Noticed Saint Roka
 18270 | Vaults:4 | Killed Saint Roka
 18426 | Vaults:3 | Found a staircase to the Crypt.
 18935 | Vaults:4 | Reached skill level 19 in Spellcasting
 19033 | Vaults:4 | Identified the +2 war axe of Destiny {freeze, rN+}
 19179 | Vaults:5 | Entered Level 5 of the Vaults
 19338 | Vaults:5 | Identified the +9 short sword of Destiny {pain, rF+}
 19438 | Vaults:5 | Reached XP level 22. HP: 145/175 MP: 0/0
 19470 | Vaults:5 | Reached skill level 10 in Polearms
 20254 | Vaults:5 | Got a silver rune of Zot
 20436 | Vaults:5 | Identified the +9 dire flail of Gozag's Vengeance {chaos,
                  | Contam Str+7}
 20474 | Vaults:5 | Reached XP level 23. HP: 84/183 MP: 0/0
 20474 | Vaults:5 | Learned a level 7 spell: Ozocubu's Refrigeration
 20816 | Vaults:5 | Identified the Reference Book on the Arsonist
 20827 | Vaults:5 | Identified the +1 robe of the Sun {+Blink rElec rF- Slay-2
                  | SInv}
 20880 | Vaults:5 | Identified the Guide on Conjuration
 20905 | Vaults:5 | Noticed a golden dragon
 20916 | Vaults:5 | Killed a golden dragon
 21283 | Crypt:1  | Entered Level 1 of the Crypt
 21466 | Crypt:3  | Entered Level 3 of the Crypt
 21524 | Crypt:3  | Identified the ring "Heusen" {rN+ Will+}
 21524 | Crypt:3  | Identified the ring of Gonnol {rC+ rN+ Str+3}
 21532 | Crypt:3  | Identified the +7 battleaxe of Catoin {freeze, rN+}
 21601 | Crypt:3  | Reached skill level 20 in Spellcasting
 21776 | Crypt:3  | Identified the +1 ring mail "Xerghamit" {rC+ rN+ Will-
                  | Regen+}
 21865 | Crypt:3  | Identified the +1 leather armour "Qaufira" {rElec rN+++
                  | Dex-2}
 21900 | Crypt:3  | Reached skill level 1 in Throwing
 22077 | Crypt:3  | Noticed a dread lich
 22093 | Crypt:3  | Found the +7 great mace "Undeadhunter" {disrupt, rN+}
 22103 | Crypt:3  | Noticed an ancient lich
 22109 | Crypt:3  | Killed an ancient lich
 22156 | Crypt:3  | Killed a dread lich
 22493 | Crypt:3  | Reached XP level 24. HP: 156/191 MP: 0/0
 22498 | Crypt:3  | Found the +3 sling "Punk" {acid, rCorr}
 22515 | Crypt:3  | Found a staircase to the Tomb.
 22800 | Crypt:2  | Noticed Boris
 22814 | Crypt:2  | Killed Boris
 22815 | Crypt:2  | Reached skill level 15 in Fighting
 23997 | D:13     | Noticed Maurice
 24000 | D:13     | Killed Maurice
 24262 | Elf:1    | Entered Level 1 of the Elven Halls
 24322 | Elf:1    | Upgraded the game from 0.27-a0-1590-g15f69828bf to
                  | 0.27-a0-1591-gc56fcc985a
 24422 | Elf:1    | Noticed Agnes
 24424 | Elf:1    | Paralysed by an air elemental for 1 turns
 24428 | Elf:1    | Killed Agnes
 24537 | Elf:1    | Identified the Compendium of Calling
 24566 | Elf:1    | Noticed Aizul
 24572 | Elf:1    | Killed Aizul
 24686 | Elf:1    | Found Tump's Book Shop.
 24854 | Elf:2    | Identified the +8 trident of Domination {pain, Drain rCorr
                  | Str+2 Int+5}
 24887 | Elf:3    | Entered Level 3 of the Elven Halls
 24916 | Elf:3    | Paralysed by an air elemental for 1 turns
 24917 | Elf:3    | Reached skill level 5 in Throwing
 24963 | Elf:3    | Reached XP level 25. HP: 187/199 MP: 0/0
 24963 | Elf:3    | Learned a level 9 spell: Dragon's Call
 25280 | Elf:3    | Reached skill level 10 in Evocations
 25425 | Elf:3    | Noticed Asterion
 25426 | Elf:3    | Found the ring of the Tortoise {AC+8}
 25745 | Elf:3    | Identified the Reference Book on Unstable Summoning
 25746 | Elf:3    | Identified the +1 scale mail of Posoch {rPois rC+}
 25774 | Elf:3    | Killed Asterion
 26119 | Elf:2    | Found a runed translucent gate.
 26119 | Elf:2    | Found a runed translucent gate.
 26119 | Elf:2    | Found a runed translucent gate.
 26535 | Slime:1  | Entered Level 1 of the Pits of Slime
 26689 | Slime:4  | Reached XP level 26. HP: 124/211 MP: 0/0
 26702 | Slime:5  | Entered Level 5 of the Pits of Slime
 26994 | Slime:5  | Found the macabre finger necklace {rN+}
 27116 | Slime:5  | Found a viscous altar of Jiyva.
 27155 | Slime:5  | Gained mutation: Your mind is acute. (Int +2) [a shining
                  | eye]
 27160 | Slime:5  | Noticed the Royal Jelly
 27209 | Slime:5  | Identified the ring of the Final Decision {Contam rF++
                  | Int+6 Dex+4}
 27209 | Slime:5  | Identified the Incunabulum of Moulding
 27210 | Slime:5  | Identified the +5 great mace "Yvugh" {chaos, Int+4 Dex+4}
 27345 | Slime:5  | Killed the Royal Jelly
 27388 | Slime:5  | Got a slimy rune of Zot
 27917 | D:15     | Entered Level 15 of the Dungeon
 28112 | D:15     | Found a staircase to the Depths.
 28268 | Depths:1 | Entered Level 1 of the Depths
 28308 | Depths:1 | Found a hide-covered altar of Uskayaw.
 28465 | Depths:2 | Found a gateway to a ziggurat.
 28467 | Depths:2 | Found a one-way gate to the infinite horrors of the Abyss.
 28468 | Depths:2 | Found a gateway to Hell.
 28481 | Depths:2 | Reached skill level 15 in Polearms
 28492 | Depths:2 | Found a bloodstained altar of Trog.
 28493 | Depths:2 | Found a hide-covered altar of Uskayaw.
 28564 | Depths:2 | Upgraded the game from 0.27-a0-1591-gc56fcc985a to
                  | 0.27-a0-1595-g0b823d0a13
 28638 | Depths:2 | Reached skill level 15 in Armour
 28705 | Depths:2 | Reached XP level 27. HP: 207/217 MP: 0/0
 28705 | Depths:2 | Learned a level 9 spell: Shatter
 28866 | Depths:2 | Identified the amulet of Fedhas's Reproof {RegenMP Harm rF+
                  | rCorr Int-5}
 28883 | Depths:2 | Identified the ring "Tueng" {Ice Str+2}
 28912 | Depths:2 | Acquired a manual of Evocations
 29219 | Depths:1 | Found a runed translucent gate.
 29220 | Depths:1 | Found a runed translucent gate.
 29223 | Depths:1 | Found a runed translucent gate.
 29223 | Depths:1 | Noticed Xoxob's ghost (veteran SpVM)
 29351 | Depths:1 | Killed Xoxob's ghost
 29683 | Vaults:3 | Upgraded the game from 0.27-a0-1595-g0b823d0a13 to
                  | 0.27-a0-1612-gde56a17b89
 29910 | Tomb:1   | Entered Level 1 of the Tomb of the Ancients
 29958 | Tomb:1   | Noticed a royal mummy
 29983 | Tomb:1   | Noticed a royal mummy
 29994 | Tomb:1   | Noticed a royal mummy
 30028 | Tomb:1   | Identified the amulet of Secrets {Faith rF- Will+ Int-5
                  | Dex+10}
 30204 | Tomb:1   | Noticed a royal mummy
 30215 | Tomb:1   | Noticed a royal mummy
 30344 | Tomb:1   | Noticed a royal mummy
 30376 | Tomb:1   | Killed a royal mummy
 30389 | Tomb:1   | Noticed a royal mummy
 30390 | Tomb:1   | Noticed a royal mummy
 30418 | Tomb:1   | Noticed a royal mummy
 30466 | Tomb:1   | Noticed a royal mummy
 30599 | Tomb:1   | Noticed a royal mummy
 30699 | Tomb:1   | Noticed a royal mummy
 30722 | Tomb:1   | Killed a royal mummy
 30766 | Tomb:1   | Noticed a royal mummy
 30768 | Tomb:1   | Noticed a royal mummy
 30769 | Tomb:1   | Noticed a royal mummy
 30837 | Tomb:1   | Noticed a royal mummy
 31061 | Tomb:1   | Noticed a royal mummy
 31069 | Tomb:1   | Killed a royal mummy
 31100 | Tomb:1   | Killed a royal mummy
 31149 | Tomb:1   | Noticed a royal mummy
 31157 | Tomb:1   | Killed a royal mummy
 31291 | Tomb:1   | Killed a royal mummy
 31425 | Tomb:1   | Killed a royal mummy
 31554 | Tomb:1   | Killed a royal mummy
 31621 | Tomb:1   | Killed a royal mummy
 31726 | Tomb:1   | Killed a royal mummy
 31762 | Tomb:1   | Killed a royal mummy
 31913 | Tomb:1   | Killed a royal mummy
 32178 | Tomb:2   | Noticed a royal mummy
 32179 | Tomb:2   | Noticed a royal mummy
 32198 | Tomb:2   | Noticed a royal mummy
 32200 | Tomb:2   | Noticed a royal mummy
 32326 | Tomb:1   | Noticed a royal mummy
 32529 | Tomb:3   | Entered Level 3 of the Tomb of the Ancients
 32545 | Tomb:3   | HP: 6/215 [bennu (7)]
 32548 | Tomb:3   | Noticed a royal mummy
 32548 | Tomb:3   | Slain by a bennu

Illustrated notes

Levels and vault maps discovered:
D:1:      dpeg_arrival_rooms_c, layout_basic, serial_forest,
          infiniplex_forest_lined_2, infiniplex_forest_clump_small,
          infiniplex_forest_zigzag_1, infiniplex_forest_fountain,
          infiniplex_forest_clump_cross, infiniplex_forest_clump_cross,
          infiniplex_forest_corner_1, chequers_big_river, st_stairs_2,
          minmay_octomino_c4
D:2:      layout_basic, basic_altar, minmay_diced_spiral
D:3:      layout_basic, nicolae_hepliaklqana_ecumenical_no_more, led_sif_book,
          cheibrodos_sewer_entry_drain, ebering_ecumenical_altar_mist,
          uniq_natasha
D:4:      layout_loops_corners
D:5:      layout_basic, tso_altar, minmay_temple_entry_butterflies,
          serial_shops, nicolae_shop_crystal, minmay_gold_behind_fungi,
          minmay_misc_feat_square, minmay_circle_x
D:6:      layout_basic, kennysheep_slug_shrine, minmay_crystal_room,
          uniq_crazy_yiuf_cottage, uniq_sigmund
D:7:      layout_basic, nicolae_wu_jian_immortal_techniques, trog_hazing_becter,
          nicolae_ashenzari_panopticon, uniq_maggie
D:8:      layout_basic, mainiacjoe_overflow_24_doors, amcnicky_altar_gilded,
          mainiacjoe_overflow_swirl, gammafunk_temple_overflow_elements,
          serial_co_window_serial, co_window_of_opportunity_a,
          co_window_paths_a, co_window_corner_a, co_window_paths_a,
          co_window_paths_a, co_window_of_opportunity_c, co_window_broadway_a,
          glass_columns_a, glass_columns_a, glass_columns_c, glass_columns_a,
          minmay_alternating_orb
D:9:      layout_irregular_city, fiery_altar_vehumet, lair_entry_dummy,
          orc_0_dummy, nzn_random_ring
D:10:     layout_loops_cross, biasface_ghost_orc_armoury
D:11:     layout_roguey, portal_ice_cave_entry_pillars_2
D:12:     layout_irregular_city, st_stairs_14, kennysheep_treasure_room
D:13:     layout_basic, hangedman_vaults_entry_quadrant_bands,
          nemelex_xobeh_ov_fountains_minmay, uniq_maurice
D:14:     layout_loops_corners, chequers_serial_rivers_marsh
D:15:     gammafunk_depths_entry_grave, layout_rooms, special_room
          [special_room_mythical_zoo], serial_rivers,
          chequers_serial_rivers_micro_e, chequers_serial_rivers_room_a,
          chequers_serial_rivers_small_b, chequers_serial_rivers_small_a
Lair:1:   layout_regular_city, chequers_serial_rivers_small_3,
          cheibrodos_lair_caveside_slide, serial_bayou_ford_a,
          beast_lair_carwin_4, uniq_urug
Lair:2:   layout_gridlike
Lair:3:   layout_loops_ring, dummy_spider_entry, grunt_megastairs_4,
          minmay_lair_oklob_chamber, serial_bayou_shore_a
Lair:4:   layout_hall_layers, nicolae_swamp_entry_splash_gauntlet
Lair:5:   layout_regular_city, basic_altar
Lair:6:   minmay_lair_end_enchanted_forest, layout_cave_pods,
          minmay_slime_entry_oklob_enclosed, serial_bayou_lake_a
Swamp:1:  nicolae_swamp_secret_spriggan_hideout, layout_falls_marsh,
          evilmike_swamp_ruin_rubble_1, swamp_pool2
Swamp:2:  layout_basic_swamp, hangedman_swamp_ruin_wall,
          infiniplex_staircase_pool_2
Swamp:3:  layout_falls_marsh, basic_altar
Swamp:4:  swamp_vile, layout_basic_swamp
Spider:1: layout_spider_delve, nicolae_spider_checkerboard
Spider:2: layout_spider_delve, uniq_nikola, uniq_jorgrun, uniq_azrael
Spider:3: layout_spider_delve
Spider:4: floodkiller_spider_rune_tomb, uniq_kirke
Slime:1:  layout_caves
Slime:2:  layout_caves, cheibrodos_slime_lost_civilization_5
Slime:3:  layout_caves
Slime:4:  layout_caves
Slime:5
Orc:1:    layout_caves
Orc:2:    st_orc_town, layout_caves, serial_shops, shop_fountains
Elf:1:    minmay_elf_arrival_summoners, layout_gridlike, serial_shops,
          shop_coins, basic_altar, special_room [special_room_orc],
          minmay_elf_demonology, minmay_misc_feat_ornament,
          minmay_misc_feat_diagonals, lemuel_upstairs_altar, uniq_agnes,
          uniq_aizul
Elf:2:    nicolae_elf_blades_splatter_lattice [nicolae_blade_bullseye],
          layout_geoelf_octagon
Elf:3:    minmay_elf_hall_four_x, layout_geoelf_diagonals,
          corexii_hall_statues_l, uniq_asterion
Vaults:1: hangedman_vaults_cutoff, hangedman_vaults_impose, v_misc_29,
          nicolae_vaults_arrows, nicolae_vaults_angled_halls,
          nicolae_vaults_little_squares_4, nicolae_vaults_little_squares_2,
          hangedman_vaults_snaps, hangedman_vaults_trim, grunt_vaults_swirl,
          ontoclasm_vaults_decontamination, v_misc_13, grunt_vaults_bifocal,
          layout_vaults_maze_snakey, serial_shops, shop,
          nicolae_shop_competitors_out_of_business,
          portal_desolation_entry_nicolae_slug
Vaults:2: st_check, v_pattern_3, ontoclasm_vaults_twist, v_misc_16,
          nicolae_vaults_asterisk, vaults_room_fancy_cross,
          hangedman_vaults_restitches, vaults_room_stairs_pillars,
          hangedman_vaults_stagger, nicolae_vaults_asterisk,
          hangedman_vaults_stitches, nicolae_vaults_little_squares_6,
          layout_vaults_omnicross, serial_shops,
          nicolae_shop_competitors_out_of_business, uniq_margery
Vaults:3: v_misc_3, ontoclasm_vaults_shuriken, minmay_crypt_entry_simple_walls,
          ontoclasm_vaults_gateway, hangedman_vaults_nails,
          vaults_dpeg_encased_lava, layout_vaults_omnigrid
Vaults:4: v_misc_12, v_misc_14, v_misc_5, ontoclasm_vaults_loading_screen,
          nicolae_vaults_ring_of_whatevers, ontoclasm_vaults_spin,
          grunt_vaults_focal, v_misc_3, vaults_room_door_hall,
          nicolae_vaults_meeting, v_pattern_1, nicolae_vaults_back_hallway,
          vaults_mumra_lcd, v_misc_25, layout_vaults_omnibox, serial_shops,
          shop, uniq_saint_roka
Vaults:5: serial_shops
Crypt:1:  layout_misc_corridors
Crypt:2:  layout_misc_corridors, minivault_24, moated_statue, uniq_boris
Crypt:3:  quadcrypt_mu
Tomb:1
Tomb:2
Tomb:3
Depths:1: nzn_winding_woodlands_large [nzn_winding_woodlands_hourglass,
          nzn_winding_woodlands_5x15_river_crossing,
          nzn_winding_woodlands_5x5_perimeter,
          nzn_winding_woodlands_center_garden,
          nzn_winding_woodlands_15x15_killbox,
          nzn_winding_woodlands_center_diamonds,
          nzn_winding_woodlands_5x5_three,
          nzn_winding_woodlands_5x15_pathside_ponds,
          nzn_winding_woodlands_5x5_checkerboard], layout_gridlike,
          pf_hell_entry_great_geh, minmay_splitting_lines,
          gammafunk_ghost_necromancy, minmay_fountain_box,
          chequers_serial_rivers_micro_d, eat_drink_and_be_merry_uskayaw
Depths:2: hangedman_slaughterboxes, hell_entry, abyss_entry

Skill      XL: |  1  2  3  4  5  6  7  8  9 10 11 12 13 14 15 16 17 18 19 20 21 22 23 24 25 26 27 |
---------------+----------------------------------------------------------------------------------+-----
Spellcasting   | 4 5 6 7 8 9 11 12 13 14 15 16 17 18 19 20 | 20.5
Stealth        | 2 3 4 5 6 7 8 9 10 11 13 | 13.1
Fighting       | 2 3 4 5 7 8 9 10 11 12 13 14 15 17 18 | 18.2
Evocations     | 4 6 7 9 11 12 | 12.8
Dodging        | 5 7 8 9 10 11 12 14 | 14.8
Armour         | 1 4 5 6 7 9 10 11 12 13 14 15 | 15.6
Polearms       | 4 7 9 11 12 13 14 15 16 | 16.1
Throwing       | 2 5 7 |  7.0

Action                   |  1- 3 |  4- 6 |  7- 9 | 10-12 | 13-15 | 16-18 | 19-21 | 22-24 | 25-27 || total
-------------------------+-------+-------+-------+-------+-------+-------+-------+-------+-------++-------
Melee: Quarterstaff      |     1 |    20 |    40 |       |       |       |       |       |       ||    61
       Great sword       |       |       |       |       |     8 |       |       |       |       ||     8
       Glaive            |       |       |       |       |     2 |    58 |   117 |   187 |   218 ||   582
 Fire: Hunting sling     |       |       |    39 |    65 |     5 |       |       |       |       ||   109
Throw: Boomerang         |       |     2 |       |       |    20 |    14 |     1 |       |       ||    37
       Dart              |       |       |       |       |       |       |       |       |     6 ||     6
 Cast: Pain              |    59 |    73 |    85 |    46 |    82 |    40 |    17 |       |       ||   402
       Animate Skeleton  |     3 |       |       |     1 |       |       |       |       |       ||     4
       Summon Small Mamm |    10 |    21 |    46 |    28 |    66 |     8 |       |       |    22 ||   201
       Vampiric Draining |       |    24 |    43 |    48 |   147 |   143 |   140 |    21 |     2 ||   568
       Animate Dead      |       |     2 |    11 |     7 |    26 |    14 |     2 |     2 |     1 ||    65
       Gell's Gravitas   |       |       |    11 |       |       |       |       |       |    10 ||    21
       Corpse Rot        |       |       |     1 |       |     1 |     1 |     2 |     1 |       ||     6
       Hailstorm         |       |       |    19 |   113 |   295 |   297 |   239 |    80 |    14 ||  1057
       Irradiate         |       |       |       |     9 |    42 |    57 |    45 |    19 |     8 ||   180
       Agony             |       |       |       |       |     9 |    12 |     9 |       |       ||    30
       Dispersal         |       |       |       |       |     1 |     5 |     1 |       |    10 ||    17
       Summon Hydra      |       |       |       |       |       |       |    55 |    65 |    45 ||   165
       Orb of Destructio |       |       |       |       |       |       |    36 |   190 |   218 ||   444
       Yara's Violent Un |       |       |       |       |       |       |       |     4 |     1 ||     5
       Ozocubu's Refrige |       |       |       |       |       |       |       |   132 |   157 ||   289
       Dragon's Call     |       |       |       |       |       |       |       |       |     8 ||     8
       Shatter           |       |       |       |       |       |       |       |       |     3 ||     3
Invok: Curse Item        |       |     2 |     4 |     2 |     3 |     3 |       |       |     2 ||    16
       Shatter the Chain |       |       |     1 |     1 |     4 |     1 |       |       |     2 ||     9
Evoke: Wand              |       |       |       |     2 |    11 |    24 |    10 |     1 |    31 ||    79
       Tin of tremorston |       |       |       |       |       |     2 |     1 |       |       ||     3
       Phantom mirror    |       |       |       |       |       |     2 |     3 |     1 |     1 ||     7
       Piece from Xom's  |       |       |       |       |       |       |       |     4 |       ||     4
       Condenser vane    |       |       |       |       |       |       |       |       |     4 ||     4
       Box of beasts     |       |       |       |       |       |       |       |       |     2 ||     2
       Phial of floods   |       |       |       |       |       |       |       |       |     1 ||     1
  Use: Scroll            |       |     1 |       |       |     3 |     1 |     1 |     2 |    13 ||    21
       Potion            |       |     1 |       |       |       |     1 |     1 |       |    10 ||    13
 Stab: Sleeping          |       |     1 |     2 |       |     3 |     5 |    19 |    19 |    15 ||    64
       Distracted        |       |       |     1 |       |       |     3 |     3 |     6 |    16 ||    29
Armor: Robe              |     1 |    10 |    51 |    14 |       |       |       |       |       ||    76
       Scale mail        |       |       |       |       |   102 |       |       |       |       ||   102
       Ice dragon scales |       |       |       |       |    32 |       |       |       |       ||    32
       Pearl dragon scal |       |       |       |       |    42 |   274 |   254 |   104 |   185 ||   859
Dodge: Dodged            |     8 |    23 |    82 |    54 |   180 |   150 |   189 |    82 |   141 ||   909
       Rpst.: Great sword |       |       |       |       |    42 |       |       |       |       ||    42

Table legend: (Time is in decaauts)
 A = Elapsed time spent in this place.
 B = Non-inter-level travel time spent in this place.
 C = Inter-level travel time spent in this place.
 D = Time resting spent in this place.
 E = Time spent auto-exploring this place.
 F = Levels seen in this place.
 G = Mean time per level.
                   A        B        C        D        E       F      G
               +--------+--------+--------+--------+--------+-----+--------+
         Total |  32891 |  28749 |   4142 |      0 |      4 |  54 |  609.1 |
       Dungeon |   7980 |   6783 |   1197 |      0 |      0 |  15 |  532.0 |
          Lair |   4031 |   3178 |    853 |      0 |      0 |   6 |  671.8 |
         Swamp |   1905 |   1749 |    156 |      0 |      0 |   4 |  476.2 |
   Spider Nest |   2156 |   1959 |    197 |      0 |      0 |   4 |  539.0 |
    Slime Pits |   1016 |    993 |     23 |      0 |      0 |   5 |  203.2 |
  Orcish Mines |    873 |    783 |     90 |      0 |      0 |   2 |  436.5 |
   Elven Halls |   2020 |   1864 |    156 |      0 |      4 |   3 |  673.3 |
        Vaults |   5989 |   5197 |    792 |      0 |      0 |   5 | 1197.8 |
         Crypt |   2387 |   2041 |    346 |      0 |      0 |   3 |  795.7 |
          Tomb |   2700 |   2411 |    289 |      0 |      0 |   3 |  900.0 |
        Depths |   1113 |   1070 |     43 |      0 |      0 |   2 |  556.5 |
         Sewer |    121 |    121 |      0 |      0 |      0 |   1 |  121.0 |
      Ice Cave |    593 |    593 |      0 |      0 |      0 |   1 |  593.0 |
               +--------+--------+--------+--------+--------+-----+--------+

Top non-repeatable levels by time:
  Tomb:1: 2370 daAuts
Vaults:5: 1893 daAuts
 Crypt:3: 1440 daAuts
Vaults:4: 1245 daAuts
   Elf:3: 1005 daAuts
Vaults:2: 963 daAuts
Vaults:3: 950 daAuts
  Lair:3: 947 daAuts
Vaults:1: 937 daAuts
     D:9: 899 daAuts
  Lair:6: 864 daAuts
Spider:4: 795 daAuts
Depths:2: 771 daAuts
 Slime:5: 755 daAuts
     D:6: 713 daAuts
